 Dungeon Crawl Stone Soup version 0.29.1 (webtiles) character file.

Game seed: 6313456098627546419

161 qw the Chopper (level 5, -5/32 HPs)
             Began as a Gargoyle Fighter on Sept 13, 2022.
             Killed from afar by an orc wizard (10 damage)
             ... with a puff of flame
             ... on level 4 of the Dungeon.
             The game lasted 00:01:13 (3577 turns).

qw the Chopper (Gargoyle Fighter)                   Turns: 3577, Time: 00:01:14

Health: -5/32      AC: 14    Str: 22    XL:     5   Next: 42%
Magic:  5/5        EV:  7    Int:  8    God:
Gold:   117        SH:  4    Dex:  9    Spells: 4/4 levels left

rFire   . . .      SeeInvis .   Y - +0 war axe
rCold   . . .      Faith    .   c - +0 buckler
rNeg    + . .      Spirit   .   n - +0 chain mail
rPois   inf        Reflect  .   (no helmet)
rElec   +          Harm     .   (no cloak)
rCorr   .          Rampage  .   (no gloves)
Will    .....                   b - +0 pair of boots
Stlth   ..........              (no amulet)
HPRegen 0.10/turn               (no ring)
MPRegen 0.09/turn               (no ring)

@: no status effects
A: sickness immunity, AC +4, negative energy resistance 1, electricity
resistance, torment resistance 1, petrification resistance
a: no special abilities


You were on level 4 of the Dungeon.
You visited 1 branch of the dungeon, and saw 4 of its levels.

You collected 117 gold pieces.


Innate Abilities, Weirdness & Mutations

You are immune to sickness and miasma.
Your stone body is resilient. (AC +4)
You are immune to poison.
You resist negative energy. (rN+)
You are resistant to electric shocks. (rElec)
You are resistant to unholy torment.
You are immune to petrification.


   Skills:
 + Level 3.3 Fighting
 - Level 5.0 Axes
 - Level 3.2 Armour
 - Level 3.2 Shields


You had 4 spell levels left.
You didn't know any spells.
Your spell library was empty.

Inventory:

Hand Weapons
 i - a +0 mace
 Y - a +0 war axe (weapon)
Armour
 b - a +0 pair of boots (worn)
 c - a +0 buckler (worn)
 n - a +0 chain mail (worn)
Scrolls
 g - 3 scrolls of teleportation
 h - a scroll of identify
Potions
 a - a potion of lignification
 d - 3 potions of might
 e - a potion of mutation {unknown}
 k - a potion of heal wounds {unknown}
 l - 3 potions of curing

Dungeon Overview and Level Annotations

Branches:
Dungeon (4/15)
 Temple: D:4-7

Altars:
Kikubaaqudgha
Uskayaw

Shops:
D:1 *

Annotations:
D:4 Eustachio


Message History

You barely miss the quokka. You hit the iron imp but do no damage.
You hit the river rat but do no damage. The quokka barely misses you.
The river rat bites you but does no damage.
You block Eustachio's attack. The iron imp hits you!
3574 ||| READING 4 scrolls of teleportation.
As you read the scroll of teleportation, it crumbles to dust.
You feel strangely unstable.
The quokka bites you but does no damage.
The river rat bites you but does no damage.
You block Eustachio's attack. The iron imp completely misses you.
You closely miss Eustachio.
Eustachio is severely wounded.
You hit the river rat. You barely miss the quokka. You slash the iron imp!
The quokka bites you but does no damage.
The river rat bites you but does no damage.
You block Eustachio's attack.
The quokka bites you but does no damage.
The iron imp closely misses you.
You barely miss Eustachio.
Eustachio is severely wounded.
You barely miss the river rat. You hit the quokka but do no damage.
You hit the iron imp.
The river rat bites you but does no damage.
The quokka closely misses you.
Eustachio casts a spell.
Eustachio blinks!
You block the river rat's attack. The quokka barely misses you.
You slash the iron imp!
You kill the iron imp!
The iron imp disappears in a puff of smoke!
You closely miss the quokka. You closely miss the river rat.
You hit the river rat.
Your surroundings suddenly seem different.
A ball python, 2 orcs, an orc wizard and an orc priest come into view.
Found a scroll labelled NOWOLE DOEN and a sling.
The orc shouts! x2; The orc priest shouts!
The orc wizard points at you and mumbles some strange words.
The puff of flame hits you!
You die...

##
#########
<#
#.S.)...#
#####
#.......#
....#
#.......#
....#
#.......#
....#
#o.@....#
....#
#...o...#
....#
#....?..#
#####
#.oo....#
#.......#
#
#####...#
# ...# #
...# .


You could see an orc priest, an orc wizard, 2 orcs and a ball python.

Vanquished Creatures
  A hound (D:2)
  5 adders
  2 worms (D:2)
  3 dart slugs
  2 orcs
  2 endoplasms
  A giant cockroach (D:3)
  6 goblins
  8 hobgoblins
  12 jackals (D:1)
  4 quokkas
  4 ball pythons
  6 bats
  2 frilled lizards
  6 kobolds
  7 rats
71 creatures vanquished.

Notes
Turn   | Place    | Note
-------+----------+-------------------------------------------
     0 | D:1      | qw the Gargoyle Fighter began the quest for the Orb.
     0 | D:1      | Reached XP level 1. HP: 14/14 MP: 1/1
     0 | D:1      | 0 ||| qw: Version: 0.1-a-119-g272c26d
     0 | D:1      | 0 ||| qw: Game counter: 11090
     0 | D:1      | 0 ||| qw: Always use a shield: true
     0 | D:1      | 0 ||| qw: God list: Okawaru
     0 | D:1      | 0 ||| qw: Allow faded altars: false
     0 | D:1      | 0 ||| qw: Do Orc after D:15 true
     0 | D:1      | 0 ||| qw: Do second Lair branch before Depths: true
     0 | D:1      | 0 ||| qw: Lair rune preference: random
     0 | D:1      | 0 ||| qw: Plans: Normal, Zot, God:TSO, Crypt, Tomb, Pan,
                  | Slime, Hells, Zig, Abyss, Orb
     0 | D:1      | 0 ||| PLANNING D:1-11
    48 | D:1      | 48 ||| Stepping ~*~*~tactically~*~*~ (stealth).
    50 | D:1      | 50 ||| Stepping ~*~*~tactically~*~*~ (stealth).
    53 | D:1      | Reached skill level 2 in Axes
    57 | D:1      | 57 ||| Stepping ~*~*~tactically~*~*~ (stealth).
    70 | D:1      | Reached XP level 2. HP: 15/19 MP: 2/2
   328 | D:1      | 328 ||| DROPPING +0 club.
   423 | D:1      | 423 ||| Stepping ~*~*~tactically~*~*~ (stealth).
   430 | D:1      | Reached skill level 3 in Axes
   435 | D:1      | Reached XP level 3. HP: 11/23 MP: 3/3
   781 | D:1      | Found Lucs's Assorted Antiques.
   790 | D:1      | 790 ||| SHOPLISTING 2 scrolls labelled VUBUMYCVIO (44 gold,
                  | have 7).
   790 | D:1      | 790 ||| SHOPLISTING glowing golden potion (19 gold, have
                  | 7).
   790 | D:1      | 790 ||| SHOPLISTING purple potion (19 gold, have 7).
   790 | D:1      | 790 ||| SHOPLISTING runed flail (143 gold, have 7).
   790 | D:1      | 790 ||| SHOPLISTING sapphire potion (19 gold, have 7).
   790 | D:1      | 790 ||| SHOPLISTING scroll labelled USHOL SAVASOBB (22
                  | gold, have 7).
   790 | D:1      | 790 ||| SHOPLISTING scroll labelled YVEQEE TAGUMORCH (22
                  | gold, have 7).
  1266 | D:1      | 1266 ||| UPGRADING to +0 chain mail.
  1276 | D:1      | 1276 ||| DROPPING +0 scale mail.
  1277 | D:1      | 1277 ||| READING scroll labelled WEFAT PINIJE.
  1278 | D:1      | 1278 ||| READING 3 scrolls labelled TIXUOK ADWEIDGH.
  1283 | D:1      | 1283 ||| READING 2 scrolls labelled YVEQEE TAGUMORCH.
  1284 | D:1      | 1284 ||| READING scroll labelled EHALIMOETU.
  1285 | D:1      | 1285 ||| READING scroll labelled VUBUMYCVIO.
  1286 | D:1      | 1286 ||| READING scroll labelled JYURUVVAEFIX.
  1326 | D:2      | Found a faded altar of an unknown god.
  1739 | D:2      | 1739 ||| DROPPING +0 hand axe of electrocution.
  1749 | D:2      | Reached skill level 4 in Axes
  1749 | D:2      | Reached XP level 4. HP: 27/28 MP: 4/4
  2359 | D:2      | 2359 ||| DRINKING 2 white potions.
  2360 | D:2      | 2360 ||| READING 2 scrolls of identify.
  2360 | D:2      | 2360 ||| IDENTIFYING emerald potion
  2570 | D:3      | Noticed a +0 dagger
  2591 | D:3      | Identified the +6 leather armour "Bomiuhan" {Rampage Will+
                  | Slay-3}
  2598 | D:3      | Reached XP level 5. HP: 32/32 MP: 5/5
  2711 | D:3      | Found an ancient bone altar of Kikubaaqudgha.
  2820 | D:3      | Found a hide-covered altar of Uskayaw.
  2825 | D:3      | Noticed a +0 hand axe
  3334 | D:3      | 3334 ||| UPGRADING to +0 pair of boots.
  3339 | D:3      | 3339 ||| READING scroll labelled JEDWEN HAF.
  3440 | D:3      | 3440 ||| READING scroll labelled DOOG SORYIDGHUR.
  3485 | D:4      | 3485 ||| PLANNING OSSUARY
  3517 | D:4      | Noticed Eustachio
  3528 | D:4      | Reached skill level 5 in Axes
  3553 | D:4      | 3553 ||| FLEEEEING.
  3554 | D:4      | 3554 ||| FLEEEEING.
  3555 | D:4      | 3555 ||| FLEEEEING.
  3560 | D:4      | 3560 ||| FLEEEEING.
  3573 | D:4      | HP: 4/32 [iron imp[Eustachio] (8)]
  3574 | D:4      | 3574 ||| READING 4 scrolls of teleportation.
  3577 | D:4      | Killed from afar by an orc wizard

Levels and vault maps discovered:
D:1:      dpeg_arrival_refuge, layout_basic, serial_shops, shop,
          nicolae_kite_square_tiling_tiny
D:2:      layout_basic, hellmonk_ecumenical_altar_zigzags
D:3:      layout_basic, mainiacjoe_overflow_24_doors, dancing_weapons_uskayaw,
          minivault_19, kennysheep_generic_room_11
D:4:      layout_basic, temple_green, nicolae_ossuary_entry_false_entrances,
          serial_shops, kennysheep_mini, sigmund_edmund_badplayer, uniq_pikel,
          uniq_robin, uniq_eustachio

Skill      XL: |  1  2  3  4  5 |
---------------+----------------+-----
Axes           | 2 3 4 5 |  5.0
Fighting       | |  3.3
Armour         | |  3.2
Shields        | |  3.2

Action                   |  1- 3 |  4- 6 || total
-------------------------+-------+-------++-------
Melee: War axe           |   151 |   116 ||   267
  Use: Scroll            |     6 |     4 ||    10
       Potion            |       |     1 ||     1
Armor: Scale mail        |    71 |       ||    71
       Chain mail        |    11 |    60 ||    71
Dodge: Dodged            |    79 |    36 ||   115
Block: Buckler           |    33 |    23 ||    56

Table legend:
 A = Non-vault XP
 B = Vault XP
 C = Vault XP percentage of total XP
 D = Non-vault monster count
 E = Vault monster count
 F = Vault count percentage of total count
                 A         B        C        D         E       F
            +---------+---------+-------+---------+---------+-------
      Total |     229 |       2 |   0.9 |      70 |       1 |   1.4
            +---------+---------+-------+---------+---------+-------
        D:1 |      59 |       0 |   0.0 |      34 |       0 |   0.0
        D:2 |      90 |       0 |   0.0 |      17 |       0 |   0.0
        D:3 |      72 |       2 |   2.7 |      15 |       1 |   6.2
        D:4 |       8 |       0 |   0.0 |       4 |       0 |   0.0
            +---------+---------+-------+---------+---------+-------
